 Dungeon Crawl Stone Soup version 0.31-a0-441-g867994ef1c (webtiles) character file.

Game seed: 14725724773661069062

45 floatRand the Shield-Bearer (level 3, -2/23 HPs)
             Began as a Gargoyle Fighter on Aug 2, 2023.
             Slain by a goblin
             ... wielding a +0 club
             ... led by Robin
              (3 damage)
             ... on level 2 of the Dungeon.
             The game lasted 00:01:13 (1081 turns).

floatRand the Shield-Bearer (Gargoyle Fighter)      Turns: 1081, Time: 00:01:14

Health: -2/23      AC: 12    Str: 21    XL:     3   Next: 64%
Magic:  4/4        EV:  7    Int:  8    God:
Gold:   71         SH:  4    Dex:  9    Spells: 2/2 levels left

rFire   . . .        a - +0 flail
rCold   . . .        c - +0 buckler
rNeg    + . .        i - +0 chain mail
rPois   ∞            (no helmet)
rElec   +            (no cloak)
rCorr   .            (no gloves)
SInv    .            (no boots)
Will    .....        (no amulet) Stlth
                     (no ring)
HPRegen 0.23/turn    (no ring)
MPRegen 0.09/turn

%: no passive effects
@: no status effects
A: sickness immunity, AC +3, negative energy resistance 1, electricity
resistance, torment resistance 1, petrification resistance
a: no special abilities


You were on level 2 of the Dungeon.
You visited 1 branch of the dungeon, and saw 2 of its levels.

You collected 71 gold pieces.

Inventory:

Hand Weapons
 a - a +0 flail (weapon)
Armour
 c - a +0 buckler (worn)
 i - a +0 chain mail (worn)
Scrolls
 e - a scroll of teleportation {unknown}
 f - a scroll of revelation {unknown}
 g - 3 scrolls of acquirement {unknown}
 h - a scroll of identify
 j - a scroll of immolation {unknown}
Potions
 b - a potion of haste
 d - a potion of might
 k - a potion of cancellation {unknown}


   Skills:
 - Level 3.2 Fighting
 + Level 3.1 Maces & Flails
 - Level 3.2 Armour
 - Level 3.2 Shields
 + Level 2.3 Invocations


You had 2 spell levels left.
You didn't know any spells.
Your spell library contained the following spells:

 Spells                   Type           Power      Damage    Failure   Level
 Poisonous Vapours        Pois/Air       0%         N/A       99%         2
 Mephitic Cloud           Conj/Pois/Air  0%         N/A       100%        3
 Freezing Cloud           Conj/Ice/Air   0%         6-21      100%        5


Dungeon Overview and Level Annotations

Branches:
Dungeon (2/15)

Altars:

Annotations:
D:2 Robin


Innate Abilities, Weirdness & Mutations

You are immune to sickness and miasma.
Your stone body is resilient. (AC +3)
You are immune to poison.
You resist negative energy. (rN+)
You are resistant to electric shocks. (rElec)
You are resistant to unholy torment.
You are immune to petrification.


Message History

A goblin comes into view. It is wielding a +0 club.
The goblin shouts!
Robin and a goblin come into view.
Robin shouts!
The goblin shouts!
You hear a shout! x2
The goblin hits you with a +0 dagger.
Robin roars a battlecry!
The goblins go into a battle-frenzy!
You barely miss the goblin. Robin throws the goblin at you!
You block the goblin's attack.
A goblin comes into view. It is wielding a +0 dagger.
A goblin comes into view. It is wielding a +0 club.
The goblin shouts!
You closely miss the goblin.
You hear a shout! x2
Robin throws the goblin at you! You block the goblin's attack.
The goblin completely misses you. You block the goblin's attack.
You barely miss the goblin. The goblin barely misses you. x2
The goblin hits you but does no damage. You block the goblin's attack.
The goblin attacks as you move away! The goblin hits you with a +0 club.
The goblin attacks as you move away! The goblin hits you with a +0 club.
The goblin attacks as you move away! The goblin hits you but does no damage.
The goblin attacks as you move away! The goblin barely misses you.
The goblin attacks as you move away! The goblin barely misses you.
The goblin attacks as you move away! The goblin barely misses you.
The goblin hits you with a +0 club. The goblin attacks as you move away!
The goblin hits you with a +0 club. The goblin attacks as you move away!
You block the goblin's attack. The goblin attacks as you move away!
The goblin hits you but does no damage. The goblin attacks as you move away!
The goblin hits you with a +0 club.
* * * LOW HITPOINT WARNING * * *
The goblin no longer looks unusually strong.
The goblin attacks as you move away! The goblin hits you with a +0 club.
* * * LOW HITPOINT WARNING * * *
As you read the scroll labelled PIMMYACOQU, it crumbles to dust.
It is a scroll of identify.
b - a potion of haste Robin roars a battlecry!
The goblins go into a battle-frenzy!
The goblin hits you with a +0 club.
You die...

..g
#........[...#
#.. #
#...g........#
###
#####........# #
########g.......#
##
#.....##........#
###.
#.....##g.......#
#...
#.....##gg......#
#.#.
#.....##.g.######
#.#. #.....##@g.#
#.#. #..........#
#.#. #..........#
#####.#.
##.........###
#.......
+......÷....#
#.....#.
#....##.....#
#.....#.
#....##.....#
#.###.#.
.............#
#.##..#. ####
#########.###.#
#....##.


You could see Robin and 6 goblins.

Vanquished Creatures
  2 adders (D:2)
  A dart slug (D:2)
  An endoplasm (D:2)
  3 giant cockroaches
  3 goblins (D:2)
  2 hobgoblins
  2 quokkas
  4 ball pythons
  A bat (D:2)
  A frilled lizard (D:2)
  3 kobolds (D:1)
  4 rats (D:1)
27 creatures vanquished.

Notes
Turn   | Place    | Note
-------+----------+-------------------------------------------
     0 | D:1      | floatRand the Gargoyle Fighter began the quest for the Orb.
     0 | D:1      | Reached XP level 1. HP: 14/14 MP: 1/1
   217 | D:1      | Reached skill level 1 in Invocations
   316 | D:1      | Reached XP level 2. HP: 19/19 MP: 2/2
   728 | D:2      | Reached XP level 3. HP: 19/23 MP: 4/4
  1067 | D:2      | Noticed Robin
  1080 | D:2      | HP: 1/23 [goblin/+0 club[Robin] (5)]
  1081 | D:2      | Slain by a goblin

Illustrated notes

Levels and vault maps discovered:
D:1:      minmay_arrival_checkered_box, layout_basic
D:2:      layout_basic, nicolae_ecumenical_oubliette, basic_altar, uniq_robin

Skill      XL: |  1  2  3 |
---------------+----------+-----
Invocations    | 1 2 |  2.3
Maces & Flails | 3 |  3.1
Fighting       | |  3.2
Armour         | |  3.2
Shields        | |  3.2

Action                     || total
---------------------------++-------
  Melee: Flail             ||    92
    Use: Scroll            ||     1
 Armour: Scale mail        ||    40
         Chain mail        ||    39
  Dodge: Dodged            ||    61
  Block: Buckler           ||    29

Table legend: (Time is in decaauts)
 A = Elapsed time spent in this place.
 B = Non-inter-level travel time spent in this place.
 C = Inter-level travel time spent in this place.
 D = Time resting spent in this place.
 E = Time spent auto-exploring this place.
 F = Levels seen in this place.
 G = Mean time per level.
                   A        B        C        D        E       F      G
               +--------+--------+--------+--------+--------+-----+--------+
         Total |   1108 |   1021 |     87 |      0 |    678 |   2 |  554.0 |
       Dungeon |   1108 |   1021 |     87 |      0 |    678 |   2 |  554.0 |
               +--------+--------+--------+--------+--------+-----+--------+

Top non-repeatable levels by time:
     D:1: 706 daAuts
     D:2: 402 daAuts
